 Dungeon Crawl Stone Soup version 0.15-a0-1081-gb32516e (webtiles) character file.

6225 Deemzul the Martial Artist (level 10, -11/68 HPs)
             Began as an Octopode Monk on May 28, 2014.
             Was a Priest of Qazlal.
             Mangled by a death yak (21 damage)
             ... while paralysed
             ... on Level 2 of the Lair of Beasts.
             The game lasted 00:19:25 (10858 turns).

Deemzul the Martial Artist (Octopode Monk)         Turns: 10858, Time: 00:19:26

HP -11/68        AC  6     Str 14      XL: 10   Next: 92%
MP  20/20        EV  2     Int 12      God: Qazlal [***...]
Gold 157         SH  0     Dex 18      Spells:  0 memorised,  9 levels left

rFire  . . .     SeeInvis .       - Unarmed
rCold  + . .     Rnd*Rage +     v - +0 large shield of the Wumpus {rC+ rN+}
rNeg   + . .     Conserve .     (helmet restricted)
rPois  .         rCorr    .     y - amulet of the gourmand
rElec  +         rRot     .     (no ring)
SustAb .         Spirit   .     o - +4 ring of protection
rMut   .         Warding  .     E - ring of Geseq {rElec MR+ Str+3 Stlth+}
Gourm  +         Stasis   .     (no ring)
MR     +....                    (no ring)
                                (no ring)
                                (no ring)
                                (no ring)

@: paralysed, exhausted, slowed, somewhat resistant to hostile enchantments,
quite stealthy
A: almost no armour, amphibious, 8 rings, constrict 8, beak, icy blue scales 1,
camouflage 1, berserk 1, deformed body, fast metabolism 1, gelatinous body 1
a: Upheaval, Elemental Force, Renounce Religion


You were on level 2 of the Lair of Beasts.
You worshipped Qazlal.
Qazlal was most pleased with you.
You were very full.

You visited 2 branches of the dungeon, and saw 12 of its levels.
You also visited: Ossuary.

You collected 677 gold pieces.
You spent 520 gold pieces at shops.

Inventory:

Hand weapons
 p - a +1 blowgun
 z - a cursed -1 blowgun
Missiles
 q - 30 poisoned needles
Armour
 v - the +0 large shield of the Wumpus (worn) {rC+ rN+}
   (You found it on level 6 of the Dungeon)

   It protects you from cold.
   It protects you from negative energy.
Magical devices
 i - a wand of polymorph (11)
 C - a wand of draining (2)
 F - a wand of enslavement (6)
 G - a wand of flame (10)
Comestibles
 b - 11 bread rations
 h - 5 meat rations
 l - 53 fruits
 x - a slice of pizza
 D - a royal jelly
Scrolls
 a - 8 scrolls of remove curse
 c - 4 scrolls of enchant armour
 d - a scroll of blinking
 f - 2 scrolls of amnesia
 g - 7 scrolls of teleportation
 k - a scroll of holy word {unknown}
 n - a scroll of brand weapon {unknown}
 t - 2 scrolls of fog
 w - 3 scrolls of identify
 A - 3 scrolls of magic mapping
Jewellery
 o - a +4 ring of protection (right tentacle)
 r - an uncursed ring of fire
 s - an uncursed amulet of resist corrosion
 u - an uncursed ring of ice
 y - an amulet of the gourmand (around mantle)
 E - the ring of Geseq (on tentacle) {rElec MR+ Str+3 Stlth+}
   (You bought it in a shop on level 9 of the Dungeon)

   [ring of stealth]

   It affects your strength (+3).
   It insulates you from electricity.
   It affects your resistance to hostile enchantments.
   It makes you more stealthy.
Potions
 e - a potion of porridge
 j - a potion of agility
 m - 5 potions of curing
 B - a potion of restore abilities


   Skills:
 + Level 5.9 Fighting
 - Level 3.0 Dodging
 - Level 10.0 Stealth
 + Level 5.0 Shields
 * Level 11.1 Unarmed Combat
 + Level 3.7 Invocations
 + Level 7.3 Evocations


You had 9 spell levels left.
You didn't know any spells.

Dungeon Overview and Level Annotations

Branches:
Dungeon (10/15)              Lair (2/8) D:9
 Temple: D:4-7          Orc: D:9-12

Altars:
Ashenzari
Dithmenos
Elyvilon
Gozag
Makhleb
Nemelex Xobeh
Qazlal
Trog
Zin
The Shining One

Shops:
D:9 =


Innate Abilities, Weirdness & Mutations

You cannot wear most types of armour.
You are amphibious.
You can wear up to eight rings at the same time.
You can use your tentacles to constrict many enemies at once.
Your skin changes colour to match your surroundings (Stealth).
Your rubbery body absorbs attacks (AC +1).
You have a beak for a mouth.
You are partially covered in icy blue scales (AC +1).
You tend to lose your temper in combat.
Your body is misshapen.
You have a fast metabolism.


Message History

The death yak moves out of view.
The death yak gores you!
A quokka comes into view.
You completely miss the death yak. Your squeeze misses the death yak.
The death yak is lightly wounded.
You bludgeon the death yak!
You peck the death yak, but do no damage.
Your tentacle-slap misses the death yak.
The death yak is moderately wounded.
The death yak gores you but does no damage.
The death yak gores you!
You bludgeon the death yak! You squeeze the death yak.
The death yak is moderately wounded.
You are no longer berserk.
You pass out from exhaustion.
You feel yourself slow down. The death yak gores you!!
* * * LOW HITPOINT WARNING * * *
A death yak comes into view.
The death yak is engulfed in freezing vapours.
The death yak gores you!!
You die...

.. ... ..... ...# ....#
.. #..#. #....# #.##...
Yr...#
#.....######Y....#
#.........§@Y....+
+.........§.....#... .
#b #......##.#.....# .#
#... #.....##.##.....#
...
.....#...........#...#
....
.....#..%........#....#
..
...........####..#...#
## #...##....## .##....
###P ##. #.....# ...
#...


You could see 3 death yaks and a quokka.

Vanquished Creatures
  Fannar (Lair:2)
  A death yak (Lair:2)
  A yak (D:9)
  A spriggan (D:8)
  A deep elf mage (D:7)
  A hungry ghost (D:9)
  2 hippogriffs
  A porcupine (Lair:1)
  3 orc warriors
  A water moccasin (Lair:1)
  2 sky beasts
  An ice beast (D:6)
  The ghost of Deemzul the Insei, an average OpMo (D:3)
  A centaur (D:8)
  2 phantoms
  A yellow wasp (D:10)
  An ogre (D:8)
  7 giant frogs
  A big kobold (D:8)
  2 scorpions
  A troll skeleton (D:9)
  8 wights (D:8)
  A hippogriff skeleton (D:9)
  6 killer bees (D:8)
  2 goliath beetles (D:9)
  6 crimson imps
  A quasit (D:10)
  A vampire bat (Lair:2)
  6 hounds
  5 iguanas
  7 orc priests
  4 jellies
  2 orc wizards
  5 worker ants
  A big kobold zombie (Ossuary)
  9 mummies
  3 gnolls (D:3)
  A shadow imp (D:8)
  6 adders
  3 giant mites
  An iguana skeleton (D:7)
  2 oozes
  30 orcs
  7 giant cockroaches
  A gnoll zombie (Ossuary)
  10 goblins
  16 hobgoblins
  13 jackals
  16 kobolds
  3 quokkas
  2 ball pythons
  17 bats
  5 giant geckos
  2 giant newts (D:2)
  A gnoll skeleton (D:4)
  A goblin skeleton (D:5)
  A hobgoblin zombie (Ossuary)
  A kobold skeleton (D:6)
  4 kobold zombies
  5 orc zombies
  16 rats
  4 ballistomycetes (D:9)
  A fungus (Lair:2)
269 creatures vanquished.

Vanquished Creatures (others)
  An orc wizard (D:8)
  A giant spore (D:9)
2 creatures vanquished.

Grand Total: 271 creatures vanquished

Notes
Turn   | Place    | Note
--------------------------------------------------------------
     0 | D:1      | Deemzul, the Octopode Monk, began the quest for the Orb.
     0 | D:1      | Reached XP level 1. HP: 16/16 MP: 1/1
   282 | D:1      | Reached XP level 2. HP: 14/21 MP: 2/2
   833 | D:2      | Reached XP level 3. HP: 18/26 MP: 3/3
  1107 | D:2      | Reached skill level 5 in Unarmed Combat
  1153 | D:2      | Reached XP level 4. HP: 22/31 MP: 4/4
  1162 | D:2      | Found a burning altar of Makhleb.
  1607 | D:3      | Reached XP level 5. HP: 23/36 MP: 5/5
  1614 | D:3      | HP: 1/36 [gnoll/spear (7)]
  1890 | D:3      | Found a bloodstained altar of Trog.
  2074 | D:3      | Noticed Deemzul's ghost (average OpMo)
  2080 | D:3      | Killed Deemzul's ghost
  2080 | D:3      | Reached skill level 5 in Stealth
  2080 | D:3      | Reached skill level 6 in Unarmed Combat
  2080 | D:3      | Reached XP level 6. HP: 21/42 MP: 6/6
  2351 | D:3      | Found a sparkling altar of Nemelex Xobeh.
  2395 | D:3      | Found a glowing silver altar of Zin.
  2583 | D:3      | Found a shattered altar of Ashenzari.
  2750 | D:5      | Entered Level 5 of the Dungeon
  2854 | D:5      | Found a sparkling altar of Nemelex Xobeh.
  3163 | D:5      | Reached skill level 7 in Unarmed Combat
  3163 | D:5      | Reached skill level 1 in Evocations
  3163 | D:5      | Reached XP level 7. HP: 18/46 MP: 6/8
  4035 | D:6      | Found a sand-covered staircase.
  4090 | Ossuary  | Entered an ossuary
  4578 | Ossuary  | Gained mutation: Your body is misshapen. [potion of mutation]
  4578 | Ossuary  | Gained mutation: You are partially covered in icy blue scales (AC +1). [potion of mutation]
  4578 | Ossuary  | Gained mutation: You tend to lose your temper in combat. [potion of mutation]
  4579 | Ossuary  | Gained mutation: You have a fast metabolism. [potion of mutation]
  4579 | Ossuary  | Gained mutation: You have a beak for a mouth. [potion of mutation]
  4638 | D:6      | Reached skill level 8 in Unarmed Combat
  4638 | D:6      | Reached XP level 8. HP: 29/52 MP: 11/11
  5135 | D:6      | Noticed a hippogriff
  5142 | D:6      | Killed a hippogriff
  5208 | D:6      | Got a warped large shield
  5217 | D:6      | Identified the +0 large shield of the Wumpus {rC+ rN+} (You found it on level 6 of the Dungeon)
  5316 | D:6      | Found an opulent altar of Gozag.
  5720 | D:7      | Reached skill level 1 in Shields
  5795 | D:7      | Found a white marble altar of Elyvilon.
  5821 | D:7      | Noticed a hill giant
  6138 | D:7      | Found a shadowy altar of Dithmenos.
  6147 | D:7      | Reached skill level 9 in Unarmed Combat
  6402 | D:7      | Reached XP level 9. HP: 55/58 MP: 15/15
  7234 | D:8      | Reached skill level 5 in Evocations
  8409 | D:9      | Reached skill level 10 in Unarmed Combat
  8412 | D:9      | Found a glowing golden altar of the Shining One.
  9089 | D:8      | Found a stormy altar of Qazlal.
  9102 | D:8      | Became a worshipper of Qazlal Stormbringer
  9102 | D:8      | Acquired Qazlal's first power
  9102 | D:8      | Acquired Qazlal's second power
  9121 | D:8      | Reached skill level 1 in Invocations
  9126 | D:8      | Reached XP level 10. HP: 42/65 MP: 17/19
  9177 | D:9      | Reached skill level 10 in Stealth
  9183 | D:9      | Reached skill level 5 in Fighting
  9512 | D:9      | Got a transparent quarterstaff
  9569 | D:9      | Found Utew's Jewellery Boutique.
  9574 | D:9      | Bought the ring of Geseq {rElec MR+ Str+3 Stlth+} for 520 gold pieces
  9683 | D:9      | Found a staircase to the Lair.
  9708 | D:10     | Entered Level 10 of the Dungeon
  9865 | Lair:1   | Entered Level 1 of the Lair of Beasts
  9925 | Lair:1   | Acquired Qazlal's third power
 10724 | Lair:2   | Noticed Fannar
 10744 | Lair:2   | Killed Fannar
 10843 | Lair:2   | Noticed a death yak
 10844 | Lair:2   | Noticed a death yak
 10852 | Lair:2   | Killed a death yak
 10852 | Lair:2   | Reached skill level 5 in Shields
 10852 | Lair:2   | Reached skill level 11 in Unarmed Combat
 10854 | Lair:2   | Noticed a death yak
 10858 | Lair:2   | Noticed a death yak
 10858 | Lair:2   | Mangled by a death yak

Action                   |  1- 3 |  4- 6 |  7- 9 | 10-12 || total
-------------------------+-------+-------+-------+-------++-------
Melee: Unarmed           |    73 |   112 |   357 |   153 ||   695
Evoke: Wand              |       |     6 |     8 |     2 ||    16
  Use: Potion            |     4 |     1 |    10 |     4 ||    19
       Scroll            |     2 |     1 |    10 |     1 ||    14
 Stab: Sleeping          |    13 |    16 |    27 |       ||    56
       Distracted        |       |       |     3 |       ||     3
